 Dungeon Crawl Stone Soup version 0.28-a0-1074-g3cb2360906 (webtiles) character file.

Game seed: 3656084729457972993

68 Lavandula the Bolt Thrower (level 4, -1/38 HPs)
             Began as a Naga Arcane Marksman on Dec 9, 2021.
             Killed from afar by Terence (8 damage)
             ... with a puff of flame
             ... on level 3 of the Dungeon.
             The game lasted 00:02:53 (1893 turns).

Lavandula the Bolt Thrower (Naga Arcane Marksman)   Turns: 1893, Time: 00:02:54

Health: -1/38      AC:  3    Str: 14    XL:     4   Next: 19%
Magic:  1/5        EV:  9    Int: 14    God:
Gold:   66         SH:  0    Dex: 11    Spells: 1/5 levels left

rFire   . . .      SeeInvis +   a - +0 hand crossbow
rCold   . . .      Faith    .   (no shield)
rNeg    . . .      Spirit   .   d - +0 robe
rPois   +          Reflect  .   (no helmet)
rElec   .          Harm     .   (no cloak)
rCorr   .          Rampage  .   m - +0 pair of gloves
Will    .....                   (no barding)
Stlth   +.........              (no amulet)
HPRegen 0.12/turn               (no ring)
MPRegen 0.09/turn               (no ring)

@: short of breath, attractive, very slow
A: AC +1, large, see invisible, deformed body, poison resistance, slowness 2,
spit poison 1, naga tail 1
a: Spit Poison


You were on level 3 of the Dungeon.
You visited 1 branch of the dungeon, and saw 3 of its levels.

You collected 66 gold pieces.

Inventory:

Hand Weapons
 a - a +0 hand crossbow (weapon)
 b - a +0 short sword
 i - a +0 vorpal flail
Missiles
 c - 17 bolts (quivered ammo)
Armour
 d - a +0 robe (worn)
 m - a +0 pair of gloves (worn)
Jewellery
 k - a ring of flight
Wands
 j - a wand of charming (11)
Scrolls
 g - 2 scrolls of identify {unknown}
 h - a scroll of teleportation {unknown}
 l - a scroll of summoning {unknown}
Potions
 e - a potion of resistance


   Skills:
 - Level 1.0 Fighting
 + Level 3.9 Crossbows
 - Level 1.5 Dodging
 - Level 1.0 Spellcasting
 - Level 3.0 Hexes


You had one spell level left.
You knew the following spells:

 Your Spells              Type           Power      Damage    Failure   Level
a - Slow                  Hex            36%        N/A       8%          1
b - Inner Flame           Hex/Fire       4%         N/A       38%         3

Your spell library contained the following spells:

 Spells                   Type           Power      Damage    Failure   Level
 Portal Projectile        Hex/Tloc       8%         N/A       38%         3
 Cause Fear               Hex            4%         N/A       58%         4
 Fireball                 Conj/Fire      0%         3d3       100%        5
 Iskenderun's Battlesphe  Conj           0%         2d6       100%        5
 Conjure Ball Lightning   Conj/Air       0%         3x3d6     100%        6
 Orb of Destruction       Conj           0%         N/A       100%        7


Dungeon Overview and Level Annotations

Branches:
Dungeon (3/15)

Altars:

Annotations:
D:3 Terence


Innate Abilities, Weirdness & Mutations

Your serpentine skin is tough. (AC +1)
You have supernaturally acute eyesight. (SInv)
Armour fits poorly on your strangely shaped body.
Your system is resistant to poisons. (rPois)
You cover ground very slowly.
You can spit poison.
You have a snake-like lower body.


Message History

The splash of poison misses Terence.
Terence zaps a wand.
The puff of flame hits you.
You shoot a bolt. The bolt hits Terence.
Terence is moderately wounded.
You shoot a bolt. The bolt hits Terence.
Terence is heavily wounded.
Terence barely misses you.
You shoot a bolt. The bolt barely misses Terence.
You have got your breath back.
Aiming: Spit Poison (1% risk of failure)
Press: ? - help, Shift-Dir - straight line, f/p - Terence
Aim: Terence, wielding a +0 flail, wearing a +0 scale mail and carrying a wand of flame (19) (heavily wounded, slow)
The splash of poison misses Terence.
Terence barely misses you.
Unknown command.
You shoot a bolt. The bolt closely misses Terence.
Terence closely misses you.
You shoot a bolt.
The bolt hits Terence but does no damage.
Terence is heavily wounded.
You have got your breath back.
Terence misses you.
You shoot a bolt. The bolt barely misses Terence.
Terence says, "You're history."
Terence hits you with a +0 flail!
Aiming: Spit Poison (1% risk of failure)
Press: ? - help, Shift-Dir - straight line, f/p - Terence
Aim: Terence, wielding a +0 flail, wearing a +0 scale mail and carrying a wand of flame (19) (heavily wounded, slow)
The splash of poison hits Terence but does no damage.
Terence is poisoned.
Terence is heavily wounded.
Terence hits you with a +0 flail!
* * * LOW HITPOINT WARNING * * *
Okay, then.
Unknown command.
Terence is no longer moving slowly.
Terence zaps a wand.
The puff of flame hits you.
* * * LOW HITPOINT WARNING * * *
It was a potion of attraction.
You feel attractive to monsters.
Terence zaps a wand.
The puff of flame hits you!
You die...

..................
##......###.#...
##....#.# #.# . .
......#.###.#..
..###.#..#........
......#........#..#
........)#####.# .#
.........#####.#..##.(
.............@.@(....(
#.#####..#####.(.(....
#..# ########. ####


You could see Terence (poisoned).

Vanquished Creatures
  An adder (D:2)
  2 dart slugs
  6 orcs (D:2)
  7 ball pythons
  3 endoplasms (D:1)
  3 goblins
  8 hobgoblins
  3 jackals (D:1)
  2 kobolds (D:1)
  2 quokkas
  2 bats (D:1)
  A frilled lizard (D:1)
  5 rats
45 creatures vanquished.

Notes
Turn   | Place    | Note
-------+----------+-------------------------------------------
     0 | D:1      | Lavandula the Naga Arcane Marksman began the quest for the
                  | Orb.
     0 | D:1      | Reached XP level 1. HP: 18/18 MP: 2/2
    76 | D:1      | Reached XP level 2. HP: 25/25 MP: 3/3
   497 | D:1      | Found a faded altar of an unknown god.
   669 | D:1      | Reached XP level 3. HP: 29/31 MP: 4/4
   673 | D:1      | Learned a level 3 spell: Inner Flame
  1505 | D:2      | Reached XP level 4. HP: 38/38 MP: 5/5
  1876 | D:3      | Noticed Terence
  1893 | D:3      | Killed from afar by Terence

Illustrated notes

Levels and vault maps discovered:
D:1:      moated_graveyard_arrival, layout_basic, basic_ecumenical_altar
D:2:      layout_loops_corners, nicolae_elevator_lobby_asterisk
D:3:      layout_basic, nicolae_ru_great_annihilating_truth, marbit_many_paths,
          okawaru_trees_2, chequers_avenue, uniq_terence, uniq_jessica

Skill      XL: |  1  2 |
---------------+-------+-----
Crossbows      | 2 3 |  3.9
Fighting       | |  1.0
Dodging        | |  1.5
Spellcasting   | |  1.0
Hexes          | |  3.0

Action                   |  1- 3 |  4- 6 || total
-------------------------+-------+-------++-------
 Fire: Hand crossbow     |    69 |    12 ||    81
 Cast: Slow              |       |     5 ||     5
 Abil: Spit Poison       |    21 |     4 ||    25
  Use: Potion            |       |     1 ||     1
Armor: Robe              |     2 |     1 ||     3
Dodge: Dodged            |    12 |     6 ||    18

Table legend: (Time is in decaauts)
 A = Elapsed time spent in this place.
 B = Non-inter-level travel time spent in this place.
 C = Inter-level travel time spent in this place.
 D = Time resting spent in this place.
 E = Time spent auto-exploring this place.
 F = Levels seen in this place.
 G = Mean time per level.
                   A        B        C        D        E       F      G
               +--------+--------+--------+--------+--------+-----+--------+
         Total |   2492 |   2373 |    119 |      0 |   2097 |   3 |  830.7 |
       Dungeon |   2492 |   2373 |    119 |      0 |   2097 |   3 |  830.7 |
               +--------+--------+--------+--------+--------+-----+--------+

Top non-repeatable levels by time:
     D:2: 1332 daAuts
     D:1: 1046 daAuts
     D:3: 112 daAuts
